 Dungeon Crawl Stone Soup version 0.20.0-15-g7f486f2 (console) character file.

956 nrok the Sneak (level 8, -2/46 HPs)
             Began as a Halfling Enchanter on June 9, 2017.
             Was a Follower of Okawaru.
             Slain by Prince Ribbit (13 damage)
             ... on level 5 of the Dungeon.
             The game lasted 00:23:49 (3491 turns).

nrok the Sneak (Halfling Enchanter)                 Turns: 3491, Time: 00:23:49

Health: -2/46      AC:  2    Str:  9    XL:     8   Next: 36%
Magic:  5/19       EV: 15    Int: 15    God:    Okawaru [*.....]
Gold:   48         SH:  0    Dex: 15    Spells: 1/10 levels left

rFire    . . .     SeeInvis .   a - +1 dagger
rCold    . . .     Gourm    .   (shield restricted)
rNeg     . . .     Faith    .   t - +0 robe (curse)
rPois    .         Spirit   .   (no helmet)
rElec    .         Reflect  .   (no cloak)
rCorr    .         Harm     .   (no gloves)
MR       .....                  (no boots)
Stlth    +++.......             (no amulet)
Regen    0.2/turn               u - ring of wizardry
MPRegen  0.2/turn               w - ring of magical power

@: no status effects
A: mutation resistance 1
a: Heroism, Renounce Religion


You were on level 5 of the Dungeon.
You worshipped Okawaru.
Okawaru was aware of your devotion.
You were hungry.

You visited 2 branches of the dungeon, and saw 6 of its levels.

You collected 210 gold pieces.
You spent 162 gold pieces at shops.

Inventory:

Hand Weapons
 a - a +1 dagger (weapon)
 e - a +0 hunting sling
 v - a +2 arbalest of freezing
 B - a +0 hunting sling
 M - a +2 dagger of distortion
Missiles
 k - 5 tomahawks (quivered)
 A - 17 sling bullets
 N - 14 poisoned needles
Armour
 t - a cursed +0 robe (worn)
 H - a +0 shield
Magical Staves
 h - an uncursed staff of earth
Jewellery
 u - a ring of wizardry (left hand)
 w - a ring of magical power (right hand)
Wands
 z - a wand of flame (11/48)
 D - a wand of lightning (2/15)
 E - a wand of disintegration (11/24)
 G - a wand of flame (24/48)
 I - a wand of polymorph (3/24)
Scrolls
 f - 7 scrolls of identify
 i - 5 scrolls of remove curse {unknown}
 j - 5 scrolls of amnesia {unknown}
 l - a scroll of recharging {unknown}
 m - 2 scrolls of enchant armour {unknown}
 n - a scroll of magic mapping
 q - a scroll of fog {unknown}
 r - 3 scrolls of teleportation
 y - a scroll of fear {unknown}
 J - a scroll of noise {unknown}
Potions
 b - 2 potions of curing
 o - 2 potions of flight
 p - a potion of agility
 s - a potion of lignification
 x - a potion of ambrosia
 C - a potion of heal wounds
 F - a potion of magic
 K - a potion of brilliance {unknown}
Books
 c - a book of Maledictions

   Spells                             Type                      Level
   a - Corona                         Hexes                        1
   b - Ensorcelled Hibernation        Hexes/Ice                    2
   c - Confuse                        Hexes                        3
   d - Tukima's Dance                 Hexes                        3
   e - Dazzling Spray                 Conjuration/Hexes            3
Comestibles
 d - 6 bread rations
 g - 4 meat rations
 L - 2 chunks of flesh


   Skills:
 + Level 5.1 Short Blades
 - Level 2.1 Dodging
 + Level 6.2 Stealth
 - Level 1.5 Spellcasting
 * Level 5.7 Hexes
 * Level 2.2 Evocations


You had one spell level left.
You knew the following spells:

 Your Spells              Type           Power        Failure   Level  Hunger
a - Corona                Hex            ###....      1%          1    ##.....
b - Ensorcelled Hibernat  Hex/Ice        #.....       4%          2    ###....
c - Confuse               Hex            ###.....     2%          3    ####...
d - Tukima's Dance        Hex            ###.....     2%          3    ####...


Dungeon Overview and Level Annotations

Branches:
Dungeon (5/15)             Temple (1/1) D:5

Altars:
Ashenzari
Cheibriados
Dithmenos
Elyvilon
Fedhas
Gozag
Hepliaklqana
Kikubaaqudgha
Makhleb
Nemelex Xobeh
Okawaru
Qazlal
Ru
Sif Muna
Trog
Uskayaw
Vehumet
Xom
Yredelemnul
Zin
The Shining One

Shops:
D:5 ?

Annotations:
D:5 Prince Ribbit


Innate Abilities, Weirdness & Mutations

You are small and have problems with some larger weapons.
You are somewhat resistant to further mutation.


Message History

Press: ? - help, Shift-Dir - straight line, f/p - Prince Ribbit
Aim: Prince Ribbit (severely wounded)
You hear a mighty clap of thunder!
The bolt of lightning misses Prince Ribbit.
This wand has 4 charges left.
Evoke which item? (* to show all) (? for menu, Esc to quit)
Aiming: Lightning Bolt
Press: ? - help, Shift-Dir - straight line, p - Prince Ribbit You hear a mighty clap of thunder!
The bolt of lightning misses Prince Ribbit.
This wand has 3 charges left.
Prince Ribbit completely misses you.
Evoke which item? (* to show all) (? for menu, Esc to quit)
Aiming: Lightning Bolt
Press: ? - help, Shift-Dir - straight line You hear a mighty clap of thunder!
The bolt of lightning misses Prince Ribbit.
This wand has 2 charges left.
You hear a shout!
Prince Ribbit hits you!
You die...

#.#
#...................).#
#.#
#...........⌠..>..⌠...#
#.#
#.....................#
#.#
#..........###...###.##
#.#
#............#.⌠.#...#
#.#
##...........#...#...#
#.#
###..................#
#.#
#....##..#############
#.# #.####@.###### #.#
#####.....F......# ##
#)# #......###.....###
##. #.#
#..#######...### ##..
#.# ### ####<...#
####..# #.# #....#..#
##....## #.# #.#.###.#
##..#### #.# ##.#.# #.#
#♣#..## #.# #....# #.#
#...##


You could see Prince Ribbit.

Vanquished Creatures
  Sigmund (D:2)
  Eustachio (D:5)
  Menkaure (D:4)
  Duvessa (D:5)
  A scorpion (D:4)
  Dowan (D:5)
  A water moccasin skeleton (D:4)
  A centaur zombie (D:5)
  A howler monkey (D:4)
  A jelly (D:2)
  An orc priest (D:3)
  An orc wizard (D:5)
  5 adders
  An ooze (D:2)
  An adder skeleton (D:4)
  3 dart slugs (D:1)
  4 leopard geckos
  9 orcs
  5 giant cockroaches
  7 goblins
  4 hobgoblins
  An iguana (D:2)
  11 jackals
  2 quokkas (D:4)
  A ball python (D:1)
  9 bats
  5 frilled lizards
  6 kobolds
  22 rats
108 creatures vanquished.

Vanquished Creatures (others)
  A dancing weapon (D:5)
1 creature vanquished.

Grand Total: 109 creatures vanquished

Notes
Turn   | Place    | Note
-------+----------+-------------------------------------------
     0 | D:1      | nrok the Halfling Enchanter began the quest for the Orb.
     0 | D:1      | Reached XP level 1. HP: 11/11 MP: 3/3
   182 | D:1      | Reached XP level 2. HP: 17/17 MP: 4/4
   191 | D:1      | Learned a level 2 spell: Ensorcelled Hibernation
   280 | D:1      | Reached XP level 3. HP: 14/21 MP: 2/5
   631 | D:2      | Reached XP level 4. HP: 3/27 MP: 2/6
   809 | D:2      | Noticed Sigmund
   877 | D:2      | Reached skill level 4 in Stealth
   948 | D:2      | Killed Sigmund
   948 | D:2      | Reached XP level 5. HP: 7/31 MP: 2/7
   948 | D:2      | Reached XP level 6. HP: 9/36 MP: 2/8
   990 | D:2      | Found a shimmering altar of Xom.
  1090 | D:2      | Reached skill level 5 in Stealth
  1372 | D:3      | Learned a level 3 spell: Confuse
  1561 | D:3      | Found a stormy altar of Qazlal.
  2259 | D:4      | Reached XP level 7. HP: 41/41 MP: 9/9
  2745 | D:4      | Noticed Menkaure
  2800 | D:4      | Killed Menkaure
  2800 | D:4      | Reached skill level 5 in Hexes
  2859 | D:5      | Entered Level 5 of the Dungeon
  2910 | D:5      | Found Vuqil's Magic Scroll Emporium.
  2917 | D:5      | Bought a scroll of magic mapping for 45 gold pieces
  2917 | D:5      | Bought a scroll of teleportation for 39 gold pieces
  2917 | D:5      | Bought a scroll of identify for 26 gold pieces
  2917 | D:5      | Bought a scroll of identify for 26 gold pieces
  2917 | D:5      | Bought a scroll of identify for 26 gold pieces
  2969 | D:5      | Noticed Dowan
  2970 | D:5      | Noticed Duvessa
  2996 | D:5      | Found a staircase to the Ecumenical Temple.
  3034 | Temple   | Entered the Ecumenical Temple
  3090 | Temple   | Became a worshipper of Warmaster Okawaru
  3154 | D:5      | Noticed Prince Ribbit
  3221 | D:5      | Noticed Eustachio
  3234 | D:5      | Killed Eustachio
  3234 | D:5      | Reached skill level 6 in Stealth
  3234 | D:5      | Reached skill level 1 in Evocations
  3234 | D:5      | Reached XP level 8. HP: 46/46 MP: 4/10
  3339 | D:5      | Learned a level 3 spell: Tukima's Dance
  3351 | D:5      | Killed Dowan
  3351 | D:5      | Reached skill level 5 in Short Blades
  3380 | D:5      | Killed Duvessa
  3380 | D:5      | Reached * piety under Okawaru
  3491 | D:5      | Slain by Prince Ribbit

Skill      XL: |  1  2  3  4  5  6  7  8 |
---------------+-------------------------+-----
Hexes          | 3 4 5 |  5.7
Short Blades   | 2 3 4 5 |  5.1
Stealth        | 4 5 6 |  6.2
Evocations     | 1 2 |  2.2
Dodging        | |  2.1
Spellcasting   | |  1.5

Action                   |  1- 3 |  4- 6 |  7- 9 || total
-------------------------+-------+-------+-------++-------
Melee: Dagger            |   152 |   126 |   131 ||   409
 Fire: Hunting sling     |       |       |     5 ||     5
 Cast: Corona            |    27 |    11 |       ||    38
       Ensorcelled Hiber |       |    26 |     9 ||    35
       Confuse           |       |     1 |    20 ||    21
       Tukima's Dance    |       |       |     1 ||     1
Evoke: Wand              |       |       |    13 ||    13
  Use: Potion            |     1 |     1 |     3 ||     5
       Scroll            |       |       |     7 ||     7
 Stab: Sleeping          |     6 |    21 |     7 ||    34
       Confused          |       |     1 |     4 ||     5
       Distracted        |       |     1 |       ||     1
  Eat: Chunk             |       |     8 |     3 ||    11
       Royal jelly       |       |       |     2 ||     2
Armor: Robe              |    28 |    15 |     6 ||    49
       Skin              |       |       |    28 ||    28
Dodge: Dodged            |   157 |    83 |    61 ||   301
